AoeStats
← waLLefps.

Arena

507579231Analyzed
4v4 RM · 12d ago on Sep 18, 2026· 42m 41s· 8 players
Game mode
Random Map
Map size
Large (8 player)
Population
200
Speed
Normal
Resources
Standard
Victory
Conquest
Starting age
Dark Age
Ending age
Imperial Age
RankedLock teamsTeams togetherTeam positionsShared explorationLock speedFull tech treeHidden civsTurbo modeCheats
Victory
Defeat
🇹🇷 Hindustanis · Türkiye
1476
+13
🇹🇷 Malay · Türkiye
1451
+14
🇹🇷 Vietnamese · Türkiye
1389
+17
🇹🇷 Persians · Türkiye
1295
+21
🇦🇷 Cumans · Argentina
1428
-17
🇦🇷 Lithuanians · Argentina
1415
-17
🇦🇷 Maya · Argentina
1415
-17
🇦🇷 Bengalis · Argentina
1354
-14
klostrofobikköstebek
10:14 Feudal Age
14:42 Castle Age
12:51 Double-Bit Axe
13:28 Horse Collar
18:16 Wheelbarrow
22:30 Hand Cart
22:54 Loom
23:37 Bow Saw
29:07 Imperial Age
27:43 Husbandry
27:54 Bloodlines
28:08 Scale Barding Armor
28:41 Forging
29:23 Chain Barding Armor
29:31 Heavy Plow
29:24 Gold Mining
29:21 Heavy Camel Rider
30:47 Iron Casting
31:37 Gold Shaft Mining
30:54 Stone Mining
33:02 Chemistry
32:56 Plate Barding Armor
33:24 Blast Furnace
33:22 Imperial Camel Rider
35:42 Padded Archer Armor
35:34 Fletching
38:04 Two-Man Saw
37:40 Stone Shaft Mining
37:41 Shatagni
38:11 Leather Archer Armor
37:52 Bodkin Arrow
39:44 Ring Archer Armor
41:07 Bracer
42:46 Scale Mail Armor
waLLefps.
10:02 Feudal Age
9:56 Double-Bit Axe
16:36 Castle Age
16:20 Loom
21:44 Bow Saw
24:35 Horse Collar
25:50 Wheelbarrow
25:52 Forging
27:02 Town Watch
30:26 Gold Mining
31:25 Hand Cart
32:46 Iron Casting
32:12 Stone Mining
32:32 Heavy Plow
33:50 Squires
33:36 Arson
35:39 Gold Shaft Mining
35:18 Fletching
40:00 Imperial Age
37:42 Pikeman
40:18 Conscription
39:21 Elite Karambit Warrior
Tameryig1t
10:46 Feudal Age
11:33 Feudal Age
15:56 Castle Age
18:28 Double-Bit Axe
20:54 Castle Age
27:39 Horse Collar
30:48 Arson
31:04 Squires
31:36 Scale Mail Armor
32:42 Loom
36:59 Wheelbarrow
38:11 Hand Cart
37:52 Gold Mining
38:06 Heavy Plow
40:08 Bow Saw
40:26 Chain Mail Armor
40:21 Forging
40:54 Stone Mining
41:39 Forging
Fırtına
9:55 Feudal Age
10:20 Double-Bit Axe
10:18 Horse Collar
15:06 Scale Barding Armor
15:12 Forging
15:16 Bloodlines
20:14 Wheelbarrow
23:25 Castle Age
23:35 Gold Mining
24:55 Bow Saw
24:47 Heavy Plow
25:32 Chain Barding Armor
28:53 Husbandry
30:26 Coinage
31:03 Loom
38:57 Imperial Age
37:48 Hand Cart
39:02 Gold Shaft Mining
38:50 Cavalier
40:39 Ballistics
41:20 Chemistry
40:25 Heavy Scorpion
AssassingBlue
0:26 Loom
9:33 Feudal Age
10:10 Double-Bit Axe
12:15 Town Watch
13:30 Wheelbarrow
14:04 Fletching
16:32 Padded Archer Armor
23:35 Castle Age
21:37 Gold Mining
24:41 Crossbowman
27:56 Imperial Age
25:49 Bodkin Arrow
25:43 Horse Collar
28:46 Arbalester
31:41 Ballistics
31:40 Stone Mining
36:21 Thumb Ring
37:34 Bow Saw
38:38 Hand Cart
40:32 Two-Man Saw
39:49 Town Patrol
39:58 Bracer
40:14 Leather Archer Armor
TVHG.llavero maldito
9:50 Feudal Age
9:03 Loom
13:40 Castle Age
12:23 Double-Bit Axe
20:52 Bow Saw
26:31 Wheelbarrow
25:42 Town Watch
31:12 Imperial Age
31:01 Scale Mail Armor
30:51 Man-at-Arms
31:32 Squires
31:43 Forging
31:39 Gambesons
31:59 Horse Collar
32:12 Gold Mining
31:54 Long Swordsman
33:37 Chain Mail Armor
33:10 Pikeman
34:39 Halberdier
35:08 Two-Handed Swordsman
TVHG.Ruleman | EX REY
9:36 Feudal Age
15:46 Horse Collar
20:23 Double-Bit Axe
24:18 Castle Age
23:19 Gold Mining
24:13 Scale Mail Armor
24:20 Scale Barding Armor
24:26 Forging
25:11 Bow Saw
25:03 Heavy Plow
25:40 Gold Shaft Mining
25:31 Bloodlines
28:35 Wheelbarrow
27:47 Loom
28:39 Chain Barding Armor
29:54 Iron Casting
33:00 Stone Mining
40:27 Imperial Age
40:21 Pikeman
41:01 Squires
40:47 Arson
41:03 Scale Mail Armor
40:32 Cavalier
42:49 Blast Furnace
42:05 Chain Mail Armor
41:25 Halberdier
41:31 Halberdier
TheKillerSoap
9:21 Feudal Age
10:20 Feudal Age
11:50 Double-Bit Axe
17:22 Castle Age
16:48 Forging
17:09 Scale Barding Armor
17:46 Bloodlines
19:24 Padded Archer Armor
19:34 Man-at-Arms
21:13 Wheelbarrow
21:57 Bow Saw
22:51 Husbandry
25:32 Horse Collar
25:49 Gold Mining
28:53 Loom
29:34 Hand Cart
33:43 Imperial Age
31:53 Pikeman
32:34 Squires
32:54 Stone Mining
33:40 Chain Barding Armor
33:26 Town Watch
33:46 Cavalier
36:02 Plate Barding Armor
37:22 Stone Shaft Mining
38:56 Light Cavalry
40:31 Iron Casting
Connection lost

Rejoining the realm…

Still unreachable

The connection could not be restored.

Session expired

The server has moved on; the page needs a fresh start.